 Dungeon Crawl Stone Soup version 0.30-a0-422-g946f4849ff (webtiles) character file.

Game seed: 2492383266370296968

15211 Strat the Fighter (level 12, 0/86 HPs)
             Began as a Meteoran Earth Elementalist on Dec 8, 2022.
             Was an Initiate of Gozag.
             Slain by an elephant (10 damage)
             ... on level 3 of the Lair of Beasts.
             The game lasted 00:43:36 (6306 turns).

Strat the Fighter (Meteoran Earth Elementalist)     Turns: 6306, Time: 00:43:37

Health: 0/86       AC:  9    Str: 13    XL:     12   Next: 90%
Magic:  27/27      EV: 17    Int: 20    God:    Gozag
Gold:   1155       SH:  0    Dex: 20    Spells: 18/31 levels left

rFire   . . .      SeeInvis .    a - +1 dagger (venom)
rCold   + . .      Faith    .    (no shield)
rNeg    . . .      Spirit   .    J - +0 swamp dragon scales
rPois   +          Reflect  .    (no helmet)
rElec   .          Harm     .    (no cloak)
rCorr   .          Rampage  .    (no gloves)
Will    +....                    I - +0 pair of boots
Stlth   +.........               (no amulet)
HPRegen 0.34/turn                z - +6 ring of dexterity
MPRegen 0.20/turn                e - ring of protection from cold

@: mighty, brilliant, lethally poisoned (0 -> -2), gold aura, slowed, glowing,
very slow
A: sense surroundings 2, otherworldly, glowing, explore regen
a: Renounce Religion, Potion Petition, Call Merchant, Bribe Branch


You were on level 3 of the Lair of Beasts.
You worshipped Gozag.
Gozag was most pleased with you.
You visited 3 branches of the dungeon, and saw 13 of its levels.
You also visited: Sewer and Ossuary.

You collected 1524 gold pieces.
You paid 369 gold pieces to Gozag.

Inventory:

Hand Weapons
 a - a +1 dagger of venom (weapon)
 d - a +0 whip
 f - a +0 short sword of flaming
Missiles
 p - 15 poisoned darts
 u - 4 throwing nets
Armour
 m - a +1 robe
 t - a +0 kite shield
 y - +0 ice dragon scales
 C - a +2 robe
 I - a +0 pair of boots (worn)
 J - +0 swamp dragon scales (worn)
Jewellery
 c - a ring of positive energy
 e - a ring of protection from cold (right hand)
 h - a ring of protection from fire
 z - a +6 ring of dexterity (left hand)
 K - a ring of resist corrosion
Wands
 l - a wand of iceblast (3)
 L - a wand of paralysis (1)
Scrolls
 k - 3 scrolls of brand weapon
 n - a scroll of silence
 r - 2 scrolls of enchant weapon
 A - a scroll of fog
 F - a scroll of identify
 G - 2 scrolls of poison
 H - a scroll of amnesia
 M - a scroll of enchant armour
 N - a scroll of noise {unknown}
Potions
 b - 3 potions of magic
 g - 2 potions of degeneration {unknown}
 i - 2 potions of haste
 j - 3 potions of lignification
 o - a potion of might
 s - 2 potions of brilliance
 v - 2 potions of cancellation
 w - 5 potions of invisibility
 x - a potion of attraction {unknown}
 B - 5 potions of mutation
 D - 2 potions of flight
 E - 3 potions of curing


   Skills:
 + Level 11.4 Fighting
 - Level 5.0 Armour
 - Level 10.0 Dodging
 - Level 1.6 Stealth
 - Level 10.0 Spellcasting
 - Level 10.0 Conjurations
 - Level 1.7 Transmutations
 - Level 10.0 Earth Magic


You had 18 spell levels left.
You knew the following spells:

 Your Spells              Type           Power      Damage    Failure   Level
a - Sandblast             Erth           100%       2d20      1%          1
b - Passwall              Tmut/Erth      41%        N/A       1%          2
c - Stone Arrow           Conj/Erth      100%       3d13      1%          3
d - Petrify               Tmut/Erth      50%        N/A       12%         4
e - Mephitic Cloud        Conj/Pois/Air  34%        N/A       11%         3

Your spell library contained the following spells:

 Spells                   Type           Power      Damage    Failure   Level
 Slow                     Hex            60%        N/A       14%         1
 Leda's Liquefaction      Hex/Erth       22%        N/A       17%         4
 Cigotuvi's Dreadful Rot  Necr/Pois/Air  30%        N/A       21%         2
 Poisonous Vapours        Pois/Air       30%        N/A       21%         2
 Irradiate                Conj/Tmut      25%        3d20      34%         5
 Call Canine Familiar     Summ           15%        N/A       38%         3
 Confusing Touch          Hex            15%        N/A       38%         3
 Portal Projectile        Hex/Tloc       30%        N/A       38%         3
 Vampiric Draining        Necr           15%        2d7       38%         3
 Lightning Bolt           Conj/Air       22%        1d38      43%         5
 Airstrike                Air            7%         2d(2-18)  80%         4
 Summon Lightning Spire   Summ/Air       15%        N/A       80%         4
 Blade Hands              Tmut           12%        N/A       88%         5
 Dragon Form              Tmut           12%        N/A       100%        7


Dungeon Overview and Level Annotations

Branches:
Dungeon (9/15) Zot: 511    Temple (1/1) D:5 Zot: 538    Lair (3/5) D:9 Zot: 714
  Swamp (0/4) Lair:2        Sewer (visited)         Ossuary (visited)
  Snake: Lair:2-3    Spider: Lair:2-3       Orc: D:9-12

Altars:
Ashenzari
Cheibriados
Dithmenos
Elyvilon
Fedhas
Gozag
Hepliaklqana
Kikubaaqudgha
Makhleb
Nemelex Xobeh
Okawaru
Qazlal
Ru
Trog
Uskayaw
Wu Jian
Xom
Zin
The Shining One

Annotations:
D:2 Natasha
Lair:1 2 transporters, Ahpoh's ghost, novice GrGl


Innate Abilities, Weirdness & Mutations

You passively map the area around you.
You are easily found by Zot.
You glow in the dark.
You regain HP and MP as you explore.


Message History

The black mamba barely misses you. The black mamba bites you.
* * * LOW HITPOINT WARNING * * *
The elephant tramples the dream sheep!
The dream sheep holds its ground!
The elephant barely misses the dream sheep.
The black mamba bites you but does no damage.
The water moccasin bites you but does no damage.
You feel very sick. The black mamba closely misses you.
The elephant tramples the dream sheep!
The dream sheep stumbles backwards!
The dream sheep is killed!
The elephant tramples itself!!
The elephant trunk-slaps itself but does no damage.
The dream sheep is distracted by your dazzling golden aura.
The water moccasin barely misses you.
You feel very sick.
The black mamba is distracted by your dazzling golden aura.
The water moccasin barely misses you.
You feel sick.
The black mamba is no longer distracted by gold.
The elephant seems less confused. x2
The dream sheep is no longer distracted by gold.
The elephant barely misses you. The elephant trunk-slaps you.
* * * LOW HITPOINT WARNING * * *
There is a stone staircase leading up here.
You feel sick.
The black mamba is distracted by your dazzling golden aura.
The dream sheep ruffles its wool and motes of dream dust sparkle, to no effect.
The elephant barely misses you. The elephant trunk-slaps you.
* * * LOW HITPOINT WARNING * * *
The elephant tramples you!
* * * LOW HITPOINT WARNING * * *
You hold your ground!
The elephant trunk-slaps you but does no damage.
The komodo dragon is distracted by your dazzling golden aura.
The dream sheep is distracted by your dazzling golden aura.
The elephant misses you. The elephant trunk-slaps you.
* * * LOW HITPOINT WARNING * * *
The elephant tramples you!
You die...
Your body crumbles into a pile of gold.

, , , ,, * * ,# *
,,, P# , , ,** *
,,* ..## , ##**
....# , ##.## ....#
* , * #.#.##....##
, * ##.S@Y.....# *
#..YYl....## , *
##..SY....# ,
#...[....# * , *
#.wY.....# ,
#.........#
*..######........##
, ........Y....####
.>..........#.#


You could see 5 elephants, a torpor snail, a komodo dragon (unaware), a black
mamba (unaware), a water moccasin and a dream sheep (unaware).

Vanquished Creatures
  A hydra (Lair:2)
  A boulder beetle (Lair:1)
  2 elephants (Lair:2)
  A black mamba (Lair:2)
  Maggie (D:7)
  5 cane toads
  3 komodo dragons
  2 hornets (D:9)
  9 blink frogs
  A dream sheep (Lair:3)
  Sigmund (D:6)
  5 yaks (Lair:1)
  A wraith (D:9)
  6 wyverns
  A shadow (D:9)
  2 basilisks
  A steam dragon (D:7)
  Menkaure (D:7)
  Edmund (D:6)
  10 water moccasins
  An ice beast (D:6)
  A sky beast (D:6)
  3 black bears
  An orc warrior (D:6)
  8 wolves
  3 centaurs
  A phantom (D:5)
  3 necrophages
  2 kobold brigands
  7 bullfrogs
  3 scorpions
  5 wights (D:8)
  15 killer bees
  6 jellies
  7 orc priests
  2 hounds
  A gnoll bouda (D:5)
  Jessica (D:2)
  4 iguanas
  Natasha (D:2)
  10 orc wizards
  A hound zombie (Ossuary)
  4 mummies (Ossuary)
  6 gnolls
  13 adders
  2 river rats
  4 white imps
  4 worms
  3 dart slugs
  19 orcs
  7 ball pythons
  4 bats
  14 endoplasms
  5 giant cockroaches
  A gnoll zombie (Ossuary)
  2 goblins
  10 hobgoblins
  6 jackals
  9 quokkas
  4 frilled lizards
  A goblin zombie (Ossuary)
  A hobgoblin zombie (Ossuary)
  3 jackal zombies (Ossuary)
  15 kobolds
  3 kobold zombies (Ossuary)
  11 rats
  2 rat zombies (Ossuary)
294 creatures vanquished.

Vanquished Creatures (collateral kills)
  A hobgoblin (D:4)
1 creature vanquished.

Vanquished Creatures (others)
  An orc (D:4)
  18 fungi
  36 plants
55 creatures vanquished.

Grand Total: 350 creatures vanquished

Notes
Turn   | Place    | Note
-------+----------+-------------------------------------------
     0 | D:1      | Strat the Meteoran Earth Elementalist began the quest for
                  | the Orb.
     0 | D:1      | Reached XP level 1. HP: 14/14 MP: 5/5
    52 | D:1      | Reached XP level 2. HP: 19/20 MP: 1/6
   353 | D:1      | Reached XP level 3. HP: 23/26 MP: 6/8
   453 | D:2      | Noticed Natasha
   458 | D:2      | Killed Natasha
   459 | D:2      | Reached XP level 4. HP: 19/33 MP: 4/9
   470 | D:2      | Noticed Natasha
   516 | D:1      | Reached skill level 5 in Earth Magic
   560 | D:2      | Learned a level 2 spell: Passwall
   564 | D:2      | Learned a level 3 spell: Stone Arrow
   639 | D:2      | Reached XP level 5. HP: 38/38 MP: 7/10
   695 | D:2      | Noticed Jessica
   698 | D:2      | Killed Jessica
   816 | D:3      | Found a faded altar of an unknown god.
   990 | D:3      | Reached skill level 1 in Conjurations
   990 | D:3      | Reached XP level 6. HP: 37/45 MP: 8/12
  1032 | D:3      | Found a glowing drain.
  1040 | Sewer    | Entered a sewer
  1151 | Sewer    | Found a viscous altar of Jiyva.
  1208 | Sewer    | Reached XP level 7. HP: 41/50 MP: 10/14
  1790 | D:4      | Reached skill level 5 in Spellcasting
  1891 | D:4      | Learned a level 4 spell: Petrify
  2024 | D:5      | Entered Level 5 of the Dungeon
  2146 | D:5      | Found a staircase to the Ecumenical Temple.
  2156 | Temple   | Entered the Ecumenical Temple
  2398 | D:5      | Reached XP level 8. HP: 58/58 MP: 14/16
  2402 | D:5      | Reached skill level 1 in Fighting
  2431 | D:5      | Reached skill level 2 in Fighting
  2577 | D:6      | Reached skill level 3 in Fighting
  2716 | D:6      | Reached skill level 5 in Dodging
  2771 | D:6      | Reached skill level 4 in Fighting
  2812 | D:6      | Reached skill level 5 in Fighting
  2812 | D:6      | Gained mutation: You passively map the area around you.
                  | [Meteoran growth]
  2812 | D:6      | Reached XP level 9. HP: 46/74 MP: 7/17
  2832 | D:6      | Noticed Sigmund
  2865 | D:6      | Killed Sigmund
  2866 | D:6      | Reached skill level 6 in Fighting
  2951 | D:6      | Noticed Edmund
  2970 | D:6      | Killed Edmund
  3017 | D:6      | Found a sand-covered staircase.
  3022 | Ossuary  | Entered an ossuary
  3204 | D:6      | Found a sacrificial altar of Ru.
  3254 | D:6      | Reached skill level 7 in Fighting
  3299 | D:6      | Found an iron altar of Okawaru.
  3504 | D:7      | Reached XP level 10. HP: 74/88 MP: 9/18
  3542 | D:7      | Reached skill level 8 in Fighting
  3698 | D:7      | Noticed Maggie
  3722 | D:7      | Killed Maggie
  3723 | D:7      | Reached skill level 10 in Dodging
  3756 | D:7      | Noticed Menkaure
  3760 | D:7      | Killed Menkaure
  3761 | D:7      | Reached skill level 9 in Fighting
  3878 | Temple   | Became a worshipper of Gozag Ym Sagoz the Greedy
  3969 | D:8      | Learned a level 3 spell: Mephitic Cloud
  4365 | D:8      | Reached skill level 5 in Conjurations
  4532 | D:9      | Reached XP level 11. HP: 36/97 MP: 1/19
  4541 | D:9      | Found a bloodstained altar of Trog.
  4599 | D:9      | Reached skill level 10 in Earth Magic
  4599 | D:9      | Reached skill level 1 in Armour
  4719 | D:9      | Reached skill level 5 in Armour
  4783 | D:9      | Found a shadowy altar of Dithmenos.
  4851 | D:9      | Found a staircase to the Lair.
  4995 | D:9      | Found a burning altar of Makhleb.
  4995 | D:9      | Noticed an Executioner
  5093 | Lair:1   | Entered Level 1 of the Lair of Beasts
  5144 | Lair:1   | Reached skill level 10 in Fighting
  5158 | Lair:1   | Noticed a boulder beetle
  5299 | Lair:1   | Noticed a black mamba
  5349 | Lair:1   | Noticed Ahpoh's ghost (novice GrGl)
  5352 | Lair:1   | Found a transporter.
  5426 | Lair:1   | Reached XP level 12. HP: 64/106 MP: 19/25
  5456 | Lair:1   | Killed a boulder beetle
  5524 | Lair:2   | Noticed an eight-headed hydra
  5683 | Lair:2   | Killed an eight-headed hydra
  5812 | Lair:2   | Noticed a catoblepas
  5864 | Lair:2   | Reached skill level 10 in Spellcasting
  5871 | Lair:2   | Reached skill level 10 in Conjurations
  5887 | Lair:2   | Noticed a death yak
  5887 | Lair:2   | Noticed a death yak
  5888 | Lair:2   | Noticed a death yak
  5902 | Lair:2   | Noticed a death yak
  5951 | Lair:1   | Found a transporter.
  6077 | Lair:2   | Found a staircase to the Swamp.
  6130 | Lair:2   | Glimpsed the power of Zot.
  6180 | Lair:2   | Glimpsed the power of Zot.
  6220 | Lair:2   | Glimpsed the power of Zot.
  6230 | Lair:2   | Touched by the power of Zot.
  6262 | Lair:3   | Reached skill level 11 in Fighting
  6306 | Lair:3   | Slain by an elephant

Illustrated notes

Levels and vault maps discovered:
D:1:      dpeg_arrival_tiny_a, layout_basic, minmay_tiny_reverse_x
D:2:      layout_rooms, minmay_tetromino_s2, uniq_natasha, uniq_jessica
D:3:      layout_loops_ring, lightli_sewer_entry_pipes,
          shapermc_ecumenical_altar_gd, guppyfry_early_lair_pool
D:4:      layout_basic, dreamdust_wishing_well
D:5:      layout_gridville, minmay_temple_entry_slanted
D:6:      layout_rooms, nicolae_ru_the_path_less_chosen, okawaru_trees_2,
          mainiacjoe_overflow_brackets, nicolae_ossuary_entry_plus,
          chequers_jeans, uniq_edmund, uniq_sigmund
D:7:      layout_rooms, uniq_maggie, uniq_menkaure
D:8:      layout_basic, minivault_11, glass_columns_a,
          kennysheep_decorative_pillar
D:9:      layout_roguey, led_sif_pool, mainiacjoe_overflow_paths,
          makhleb_altar_promises_db, trog_three_pillars_becter,
          minmay_lair_entry_grove
Temple:   nicolae_temple_ecumenical_triangle
Lair:1:   layout_roguey, gammafunk_ghost_arena, st_stairs_5
Lair:2:   layout_long_grid, swamp_mist, grunt_megastairs_3
Lair:3:   layout_cellular_growth, minmay_snake_entry_six_corridors,
          minivault_26, infiniplex_staircase_pool_2, uniq_amaemon

Skill      XL: |  1  2  3  4  5  6  7  8  9 10 11 12 |
---------------+-------------------------------------+-----
Earth Magic    | 4 5 6 8 9 10 | 10.0
Spellcasting   | 3 4 5 8 10 | 10.0
Conjurations   | 1 2 3 5 7 10 | 10.0
Dodging        | 3 5 8 10 | 10.0
Fighting       | 5 7 9 10 11 | 11.4
Armour         | 5 |  5.0
Stealth        | |  1.6
Transmutations | |  1.7

Action                   |  1- 3 |  4- 6 |  7- 9 | 10-12 || total
-------------------------+-------+-------+-------+-------++-------
Melee: Unarmed           |     1 |       |       |       ||     1
       Dagger            |       |    11 |    69 |    36 ||   116
 Cast: Sandblast         |    30 |    81 |   147 |   266 ||   524
       Stone Arrow       |       |       |    17 |    39 ||    56
       Petrify           |       |       |       |     1 ||     1
       Mephitic Cloud    |       |       |       |     3 ||     3
Invok: Potion Petition   |       |       |       |     1 ||     1
Evoke: Wand              |       |       |       |     9 ||     9
  Use: Scroll            |       |       |    21 |     4 ||    25
       Potion            |       |       |     1 |     3 ||     4
 Stab: Petrified         |       |       |       |    10 ||    10
       Petrifying        |       |       |       |     2 ||     2
Armor: Robe              |     6 |    15 |    55 |     7 ||    83
       Swamp dragon scal |       |       |       |   110 ||   110
Dodge: Dodged            |    23 |    42 |   117 |   288 ||   470

Table legend: (Time is in decaauts)
 A = Elapsed time spent in this place.
 B = Non-inter-level travel time spent in this place.
 C = Inter-level travel time spent in this place.
 D = Time resting spent in this place.
 E = Time spent auto-exploring this place.
 F = Levels seen in this place.
 G = Mean time per level.
                   A        B        C        D        E       F      G
               +--------+--------+--------+--------+--------+-----+--------+
         Total |   6644 |   5861 |    783 |     10 |      0 |  15 |  442.9 |
       Dungeon |   4888 |   4302 |    586 |     10 |      0 |   9 |  543.1 |
        Temple |     61 |     44 |     17 |      0 |      0 |   1 |   61.0 |
          Lair |   1284 |   1104 |    180 |      0 |      0 |   3 |  428.0 |
         Sewer |    237 |    237 |      0 |      0 |      0 |   1 |  237.0 |
       Ossuary |    172 |    172 |      0 |      0 |      0 |   1 |  172.0 |
               +--------+--------+--------+--------+--------+-----+--------+

Top non-repeatable levels by time:
     D:6: 704 daAuts
  Lair:1: 671 daAuts
     D:9: 657 daAuts
     D:4: 589 daAuts
     D:5: 584 daAuts
     D:8: 573 daAuts
  Lair:2: 539 daAuts
     D:3: 503 daAuts
     D:1: 475 daAuts
     D:7: 468 daAuts
     D:2: 332 daAuts
   Sewer: 237 daAuts
 Ossuary: 172 daAuts
  Lair:3: 74 daAuts
  Temple: 61 daAuts
